 Dungeon Crawl Stone Soup version 0.29-a0-1019-g84f7d21838 (webtiles) character file.

Game seed: 5291601841852610733

34434 Newt the Markskobold (level 14, -18/81 HPs)
             Began as a Kobold Hunter on Aug 10, 2022.
             Was an Elder of Hepliaklqana.
             Demolished by a large slime creature (39 damage)
             ... on level 13 of the Dungeon.
             The game lasted 00:38:18 (16847 turns).

Newt the Markskobold (Kobold Hunter)               Turns: 16847, Time: 00:38:19

Health: -18/81     AC:  9    Str: 16    XL:     14   Next: 13%
Magic:  26/26      EV: 29    Int: 13    God:    Hepliaklqana [****..]
Gold:   303        SH:  0    Dex: 24    Spells: 19/29 levels left

rFire   + + .      SeeInvis .   d - +5 shortbow "Jadysag" {vorpal, rF+ rC+ Will++}
rCold   . . .      Faith    .   (shield currently unavailable)
rNeg    . . .      Spirit   .   s - +2 robe {Archmagi}
rPois   +          Reflect  .   B - +0 helmet
rElec   +          Harm     .   N - +0 cloak
rCorr   .          Rampage  .   x - +0 pair of gloves
Will    +++..      Archmagi +   h - +1 pair of boots
Stlth   +++++.....              G - amulet of the acrobat
HPRegen 0.23/turn               j - +4 ring of evasion
MPRegen 0.20/turn               t - ring of Ascent {Fire rElec rPois Str+3 Int+4}

@: studying Dodging
A: reduced essence, small, no large weapons, nightstalker 3, agile 1, strong 1
a: Renounce Religion, Recall Ancestor, Ancestor Identity, Transference, Idealise


You were on level 13 of the Dungeon.
You worshipped Hepliaklqana.
Hepliaklqana was greatly pleased with you.
You visited 3 branches of the dungeon, and saw 16 of its levels.
You also visited: Ossuary.

You collected 2102 gold pieces.
You spent 1799 gold pieces at shops.

Inventory:

Hand Weapons
 a - a +2 shortbow of venom
 d - the +5 shortbow "Jadysag" (weapon) {vorpal, rF+ rC+ Will++}
   (You acquired it on level 3 of the Dungeon)

   Any ammunition fired from it inflicts extra damage upon your enemies.
   rF:        It protects you from fire.
   rC:        It protects you from cold.
   Will:      It greatly increases your willpower.
 n - a +0 arbalest of freezing
 z - a +0 arbalest
Missiles
 L - a throwing net
Armour
 c - a +0 leather armour
 h - a +1 pair of boots (worn)
 s - a +2 robe of the Archmagi (worn)
 u - +0 steam dragon scales
 x - a +0 pair of gloves (worn)
 A - a +0 troll leather armour
 B - a +0 helmet (worn)
 F - a +2 robe of cold resistance
 N - a +0 cloak (worn)
 O - a +1 kite shield of reflection
Jewellery
 j - a +4 ring of evasion (left hand)
 t - the ring of Ascent (right hand) {Fire rElec rPois Str+3 Int+4}
   (You found it on level 7 of the Dungeon)

   [ring of fire]

   It enhances your fire magic.
   Str:       It affects your strength (+3).
   Int:       It affects your intelligence (+4).
   rF:        It protects you from fire.
   rC:        It makes you vulnerable to cold.
   rElec:     It insulates you from electricity.
   rPois:     It protects you from poison.
 G - an amulet of the acrobat (around neck)
 I - a +6 ring of strength
 R - a ring of wizardry
 U - a +6 ring of intelligence
Wands
 f - a wand of polymorph (8)
 k - a wand of paralysis (14)
 C - a wand of roots (6)
Scrolls
 i - a scroll of magic mapping
 w - a scroll of poison
 y - a scroll of butterflies
 D - 2 scrolls of amnesia
 E - 2 scrolls of teleportation
 K - a scroll of summoning
 P - 3 scrolls of identify
 S - a scroll of enchant armour
 T - 2 scrolls of fear {unknown}
Potions
 b - 10 potions of ambrosia
 e - 3 potions of flight
 g - 3 potions of mutation
 l - 3 potions of magic
 m - 2 potions of resistance
 o - 2 potions of haste
 p - a potion of might
 q - 7 potions of curing
 r - 3 potions of lignification
 v - 2 potions of brilliance
 J - 2 potions of attraction {unknown}
 M - 3 potions of heal wounds
 Q - a potion of invisibility
Miscellaneous
 H - a lightning rod (4/4)


   Skills:
 + Level 11.9 Fighting
 - Level 16.2 Ranged Weapons
 + Level 1.8 Armour
 * Level 11.0 Dodging
 - Level 8.0 Stealth
 - Level 8.0 Spellcasting
 - Level 8.1 Hexes
 - Level 2.0 Summonings
 - Level 3.2 Translocations
 - Level 5.1 Earth Magic
 - Level 5.5 Evocations


You had 19 spell levels left.
You knew the following spells:

 Your Spells              Type           Power      Damage    Failure   Level
a - Portal Projectile     Hex/Tloc       58%        N/A       4%          3
b - Summon Guardian Gole  Hex/Summ       27%        N/A       4%          3
c - Leda's Liquefaction   Hex/Erth       16%        N/A       9%          4

Your spell library contained the following spells:

 Spells                   Type           Power      Damage    Failure   Level
 Sandblast                Erth           54%        2d13      1%          1
 Summon Small Mammal      Summ           60%        N/A       6%          1
 Passwall                 Tmut/Erth      14%        N/A       8%          2
 Call Imp                 Summ           15%        N/A       9%          2
 Magic Dart               Conj           28%        1d4       14%         1
 Stone Arrow              Conj/Erth      34%        3d9       14%         3
 Call Canine Familiar     Summ           15%        N/A       19%         3
 Mephitic Cloud           Conj/Pois/Air  7%         N/A       38%         3


Dungeon Overview and Level Annotations

Branches:
Dungeon (13/15)            Temple (0/1) D:6            Lair (0/5) D:9
    Orc (2/2) D:9             Elf (1/3) Orc:2       Ossuary (visited)
 Vaults: D:13-14

Altars:
Cheibriados
Dithmenos
Hepliaklqana
Makhleb
Okawaru
Ru
Uskayaw
Yredelemnul

Shops:
D:4 :   D:12 (   Orc:1 *   Orc:2 [(*:(

Annotations:
D:11 3 runed translucent doors, Buttons840's ghost, journeyman MiBe
Elf:1 Frances


Innate Abilities, Weirdness & Mutations

Your life essence is reduced to manifest your ancestor. (-10% HP)
You are small and have problems with some larger weapons.
You are completely attuned to the shadows.
You are agile. (Dex +4, Str/Int -1)
Your muscles are strong. (Str +4, Int/Dex -1)


Message History

You shoot an arrow. The arrow hits the slime creature.
The slime creature is severely wounded.
The slime creature closely misses you.
A slime creature comes into view. x2
You shoot an arrow. The arrow hits the slime creature!
The slime creature is almost dead.
You shoot an arrow.
The arrow hits the slime creature but does no damage.
The slime creature is almost dead.
You shoot an arrow. The arrow hits the slime creature.
The slime creature is lightly wounded.
The slime creature completely misses you.
Two slime creatures merge to form a large slime creature.
You shoot an arrow.
The arrow hits the large slime creature.
The large slime creature is heavily wounded.
You shoot an arrow.
The arrow hits the large slime creature!!
The large slime creature is severely wounded.
The slime creature hits you!
Two slime creatures merge to form a very large slime creature.
Two slime creatures merge to form a large slime creature.
You shoot an arrow.
The arrow hits the very large slime creature!
The very large slime creature is heavily wounded.
You shoot an arrow.
The arrow hits the very large slime creature!
The very large slime creature is severely wounded.
You shoot an arrow.
The arrow hits the very large slime creature.
The very large slime creature is severely wounded.
The very large slime creature barely misses you.
You shoot an arrow.
The arrow hits the very large slime creature.
The very large slime creature is severely wounded.
The very large slime creature hits you!!!
Ouch! That really hurt!
* * * LOW HITPOINT WARNING * * *
The large slime creature hits you!!!
You die...

#..#
#..#
#..###
#JJ...
#####@#
.....R#
....<)#
.###..#
#..#
#..#
#..#


You could see the friendly Chakide the knight, a very large slime creature (ally
target) and a large slime creature.

Vanquished Creatures
  An orc warlord (Orc:2)
  A hydra (D:11)
  A boulder beetle (D:10)
  Erica (D:8)
  4 two-headed ogres
  A tengu warrior (D:10)
  2 orc high priests (Orc:2)
  4 skeletal warriors
  2 orc knights (Orc:2)
  A deep elf pyromancer (D:13)
  A cyclops (D:12)
  2 orc sorcerers
  An ugly thing (D:11)
  2 gargoyles (D:12)
  A hornet (D:9)
  5 trolls
  3 meliai (D:12)
  A slime creature (D:13)
  A shadow (D:12)
  A vampire (D:9)
  A wyvern (D:9)
  4 steam dragons
  A basilisk (D:12)
  7 yaks
  4 vampire mosquitoes
  Menkaure (D:6)
  3 wargs
  2 water moccasins
  2 acid dragons
  An ice beast (D:8)
  28 orc warriors
  A black bear (D:7)
  4 ogres
  2 centaurs
  3 phantoms
  Blork the orc (D:5)
  A kobold brigand (D:9)
  2 gnoll sergeants
  6 scorpions
  A necrophage (D:6)
  5 bullfrogs
  A wight (D:10)
  24 killer bees
  12 howler monkeys
  3 hounds
  A jelly (D:4)
  A gnoll bouda (D:4)
  An iron imp (D:4)
  7 orc priests
  6 orc wizards
  Ijyb (D:4)
  8 iguanas
  A mummy (Ossuary)
  12 gnolls
  11 adders
  A shadow imp (D:6)
  3 white imps
  4 worms
  A dart slug (D:1)
  47 orcs
  A spectral bat (Ossuary)
  8 endoplasms
  4 giant cockroaches
  6 goblins
  7 hobgoblins
  4 jackals (D:5)
  10 kobolds
  3 quokkas
  10 ball pythons
  8 bats
  2 bat simulacra (Ossuary)
  4 frilled lizards
  12 gnoll zombies (Ossuary)
  2 goblin simulacra (Ossuary)
  7 goblin zombies (Ossuary)
  4 hobgoblin zombies (Ossuary)
  5 kobold simulacra (Ossuary)
  5 kobold zombies (Ossuary)
  2 orc zombies (Ossuary)
  3 rats
  4 rat simulacra (Ossuary)
  4 spectral goblins (Ossuary)
  A spectral hobgoblin (D:5)
  2 spectral kobolds (Ossuary)
  5 spectral rats (Ossuary)
384 creatures vanquished.

Vanquished Creatures (collateral kills)
  A boulder beetle (D:11)
  2 orc sorcerers (Orc:2)
  2 ugly things (D:11)
  Joseph (D:10)
  An unseen horror (D:12)
  Maggie (D:8)
  A troll (Orc:1)
  A queen bee (D:12)
  A wraith (D:10)
  6 yaks
  2 vampire mosquitoes
  A warg (Orc:1)
  10 orc warriors
  An ogre (Orc:1)
  2 kobold brigands (D:9)
  2 gnoll sergeants (D:9)
  A bullfrog (D:7)
  A scorpion (D:7)
  3 wights (D:10)
  10 killer bees
  3 orc priests
  4 orc wizards
  3 gnolls
  8 orcs
  A kobold (D:9)
69 creatures vanquished.

Vanquished Creatures (others)
  2 orc knights
  2 ugly things (D:11)
  An unseen horror (shapeshifter) (D:11)
  2 yaks (D:9)
  2 orc warriors (Orc:2)
  6 knights
  An ancestor (D:7)
  30 fungi
  5 plants (D:9)
51 creatures vanquished.

Grand Total: 504 creatures vanquished

Notes
Turn   | Place    | Note
-------+----------+-------------------------------------------
     0 | D:1      | Newt the Kobold Hunter began the quest for the Orb.
     0 | D:1      | Reached XP level 1. HP: 12/12 MP: 1/1
    82 | D:1      | Reached XP level 2. HP: 18/18 MP: 2/2
   304 | D:1      | Reached skill level 6 in Ranged Weapons
   553 | D:2      | Reached XP level 3. HP: 22/22 MP: 3/3
  1156 | D:2      | Reached XP level 4. HP: 23/27 MP: 4/4
  1464 | D:3      | Found a sacrificial altar of Ru.
  1576 | D:3      | Identified 2 scrolls of acquirement
  1576 | D:3      | Acquired the +5 shortbow "Jadysag" {vorpal, rF+ rC+ Will++}
  1579 | D:3      | Acquired 644 gold pieces
  1835 | D:3      | Reached skill level 7 in Ranged Weapons
  1904 | D:3      | Found a burning altar of Makhleb.
  1906 | D:3      | Noticed a cacodemon
  1907 | D:3      | Noticed a neqoxec
  1907 | D:3      | Noticed a smoke demon
  2133 | D:3      | Reached XP level 5. HP: 32/32 MP: 5/5
  2413 | D:4      | Noticed Ijyb
  2415 | D:4      | Killed Ijyb
  2426 | D:4      | Noticed a phantom
  2552 | D:3      | Reached skill level 8 in Ranged Weapons
  2552 | D:3      | Reached XP level 6. HP: 24/37 MP: 6/6
  2669 | D:4      | Reached skill level 1 in Armour
  2732 | D:4      | Found a sand-covered staircase.
  2736 | Ossuary  | Entered an ossuary
  3268 | D:4      | Reached XP level 7. HP: 40/41 MP: 7/7
  3323 | D:4      | Found a snail-covered altar of Cheibriados.
  3534 | D:4      | Reached skill level 9 in Ranged Weapons
  3796 | D:4      | Found Goelabuy's Book Shop.
  3832 | D:4      | Bought a book of the Hunter for 364 gold pieces
  3985 | D:5      | Entered Level 5 of the Dungeon
  4164 | D:5      | Found an iron altar of Okawaru.
  4283 | D:5      | Reached XP level 8. HP: 48/48 MP: 8/8
  4400 | D:5      | Noticed Blork the orc
  4407 | D:5      | Killed Blork the orc
  4408 | D:5      | Reached skill level 1 in Spellcasting
  4408 | D:5      | Reached skill level 1 in Hexes
  4545 | D:5      | Reached skill level 10 in Ranged Weapons
  4678 | D:5      | Found a hazy altar of Hepliaklqana.
  4719 | D:5      | Became a worshipper of Hepliaklqana the Forgotten
  5349 | D:6      | Found a staircase to the Ecumenical Temple.
  5393 | D:6      | Noticed Menkaure
  5395 | D:6      | Killed Menkaure
  5402 | D:6      | Reached XP level 9. HP: 29/53 MP: 10/12
  5691 | D:6      | Reached skill level 5 in Dodging
  5691 | D:6      | Reached skill level 5 in Stealth
  5754 | D:6      | Gained mutation: You are agile. (Dex +4, Str/Int -1)
                  | [potion of mutation]
  5754 | D:6      | Gained mutation: Your muscles are strong. (Str +4, Int/Dex
                  | -1) [potion of mutation]
  5781 | D:6      | Reached skill level 5 in Fighting
  5781 | D:6      | Reached skill level 11 in Ranged Weapons
  5854 | D:6      | Reached * piety under Hepliaklqana
  6852 | D:7      | Identified the ring of Ascent {Fire rElec rPois Str+3
                  | Int+4}
  7079 | D:7      | Reached skill level 12 in Ranged Weapons
  7171 | D:7      | Reached XP level 10. HP: 49/54 MP: 14/14
  7309 | D:7      | Reached ** piety under Hepliaklqana
  7311 | D:7      | Remembered your ancestor Chakide as a knight
  7563 | D:7      | Reached skill level 1 in Translocations
  8028 | D:8      | Reached skill level 13 in Ranged Weapons
  8068 | D:8      | Noticed Maggie
  8074 | D:8      | Killed Maggie
  8250 | D:8      | Noticed Erica
  8257 | D:8      | Killed Erica
  8265 | D:8      | Learned a level 3 spell: Portal Projectile
  8269 | D:8      | Learned a level 3 spell: Summon Guardian Golem
  8497 | D:9      | Found a staircase to the Lair.
  8654 | D:9      | Reached *** piety under Hepliaklqana
  8700 | D:9      | Reached skill level 1 in Summonings
  8700 | D:9      | Reached XP level 11. HP: 60/60 MP: 7/17
  9053 | D:9      | Found a staircase to the Orcish Mines.
  9063 | Orc:1    | Entered Level 1 of the Orcish Mines
  9491 | Orc:1    | Found Xellaec's Assorted Antiques.
  9497 | Orc:1    | Bought a scroll of identify for 64 gold pieces
  9497 | Orc:1    | Bought a potion of heal wounds for 160 gold pieces
  9497 | Orc:1    | Bought a scroll of identify for 64 gold pieces
  9560 | Orc:1    | Reached skill level 5 in Spellcasting
  9560 | Orc:1    | Noticed an orc sorcerer
  9571 | Orc:1    | Killed an orc sorcerer
  9572 | Orc:1    | Reached skill level 5 in Hexes
  9572 | Orc:1    | Reached skill level 1 in Earth Magic
  9692 | Orc:1    | Noticed an orc knight
  9699 | Orc:1    | Killed an orc knight
  9960 | Orc:2    | Entered Level 2 of the Orcish Mines
  9960 | Orc:2    | Noticed an orc sorcerer
  9960 | Orc:2    | Found Surr's Weapon Shoppe.
  9967 | Orc:2    | Killed an orc sorcerer
 10070 | Orc:2    | Learned a level 4 spell: Leda's Liquefaction
 10144 | Orc:2    | Noticed a two-headed ogre
 10162 | Orc:2    | Killed a two-headed ogre
 10307 | Orc:2    | Noticed an orc high priest
 10314 | Orc:2    | Killed an orc high priest
 10315 | Orc:2    | Reached XP level 12. HP: 68/68 MP: 9/21
 10805 | Orc:2    | Reached skill level 10 in Fighting
 11192 | Orc:2    | Reached skill level 1 in Evocations
 11285 | Orc:2    | Found Soott's Book Emporium.
 11290 | Orc:2    | Bought a manual of Dodging for 960 gold pieces
 11333 | Orc:2    | Noticed an orc high priest
 11339 | Orc:2    | Killed an orc high priest
 11382 | Orc:2    | Noticed an orc warlord
 11578 | Orc:2    | Found Yghiasil's General Store.
 11583 | Orc:2    | Bought a scroll of teleportation for 45 gold pieces
 11583 | Orc:2    | Bought a scroll of summoning for 142 gold pieces
 11588 | Orc:2    | Found a staircase to the Elven Halls.
 11594 | Elf:1    | Entered Level 1 of the Elven Halls
 11611 | Elf:1    | Noticed Frances
 11614 | Elf:1    | Noticed a sun demon
 11941 | Orc:2    | Found Ufoaj's Antique Weapon Boutique.
 12727 | Orc:2    | Found Cidgh's Antique Armour Emporium.
 12800 | Orc:2    | Killed an orc warlord
 13101 | D:9      | Reached skill level 14 in Ranged Weapons
 13705 | D:10     | Entered Level 10 of the Dungeon
 13900 | D:10     | Reached **** piety under Hepliaklqana
 13921 | D:10     | Found a basalt altar of Yredelemnul.
 13930 | D:10     | Noticed Joseph
 13940 | D:10     | Killed Joseph
 14134 | D:10     | Noticed a skeletal warrior
 14140 | D:10     | Noticed a two-headed ogre
 14155 | D:10     | Killed a skeletal warrior
 14156 | D:10     | Reached XP level 13. HP: 74/74 MP: 4/24
 14204 | D:10     | Noticed a boulder beetle
 14218 | D:10     | Killed a boulder beetle
 14509 | D:10     | Found a shadowy altar of Dithmenos.
 14649 | D:10     | You fall into a shaft and drop 1 floor!
 14741 | D:11     | Reached skill level 5 in Earth Magic
 14835 | D:11     | Noticed a boulder beetle
 14861 | D:11     | Killed a boulder beetle
 14862 | D:11     | Reached skill level 15 in Ranged Weapons
 15127 | D:11     | Found a runed translucent gate.
 15128 | D:11     | Found a runed translucent gate.
 15129 | D:11     | Found a runed translucent gate.
 15213 | D:11     | Noticed a six-headed hydra
 15224 | D:11     | Killed a six-headed hydra
 15225 | D:11     | Reached skill level 5 in Evocations
 15302 | D:11     | Found a runed translucent gate.
 15302 | D:11     | Found a runed translucent gate.
 15303 | D:11     | Found a runed translucent gate.
 15311 | D:11     | Noticed Buttons840's ghost (journeyman MiBe)
 16030 | D:12     | Reached skill level 16 in Ranged Weapons
 16042 | D:12     | Reached skill level 10 in Dodging
 16285 | D:12     | Reached XP level 14. HP: 81/81 MP: 26/26
 16339 | D:12     | Found a hide-covered altar of Uskayaw.
 16693 | D:12     | Found Jodgh's Weapon Emporium.
 16847 | D:13     | Demolished by a large slime creature

Illustrated notes

Levels and vault maps discovered:
D:1:      zelgadis_glass_arrival_small, layout_rooms,
          dilly_ecumenical_altar_fadedgnrine, minmay_misc_feat_doors,
          minmay_misc_feat_four_crosses
D:2:      layout_basic, minmay_cupped
D:3:      layout_basic, general_overflow_altar, makhleb_altar_promises_db
D:4:      layout_basic, mainiacjoe_overflow_brackets, slow_altar_1,
          serial_shops, nicolae_inconvenience_store, enter_ossuary_5,
          lemuel_old_faithful, uniq_ijyb
D:5:      layout_loops_corners, kennysheep_mini,
          nicolae_hepliaklqana_monster_ancestors, uniq_blork_the_orc
D:6:      layout_basic, minmay_temple_entry_grid, cheibrodos_sewer_entry_bend,
          grunt_ministairs_1, uniq_menkaure
D:7:      layout_loops_ring
D:8:      layout_basic, uniq_erica, uniq_maggie
D:9:      layout_gridville, dpeg_oklobed_lair,
          kennysheep_orc_monster_closet_entryway
D:10:     layout_long_grid, lemuel_doored_altar,
          mainiacjoe_overflow_tiny_flanked, serial_shops,
          nicolae_shop_statue_plus, minmay_fountain_box,
          hangedman_abyss_or_decor_passed, minmay_the_grid_2x2
          [minmay_the_grid_zigzag_pyramid, minmay_the_grid_diamond_grid,
          minmay_the_grid_gridbox, minmay_the_grid_prize_four_corners],
          uniq_joseph
D:11:     layout_small_grid, ploomutoo_gammafunk_ghost_potion_laboratory
D:12:     layout_roguey [special_room_bee], serial_shops, kennysheep_mini_moat,
          corexii_corridor_pit, nicolae_uskayaw_dance_hall
D:13:     layout_long_grid
Orc:1:    layout_caves, serial_shops, shop
Orc:2:    grunt_orc_gardens, layout_caves, grunt_orc_garden, grunt_orc_garden,
          grunt_orc_garden, grunt_orc_garden, serial_shops, nicolae_square_shop
Elf:1:    layout_gridlike, portal_desolation_entry_nicolae_menacing_earthworks,
          serial_shops, shop, minmay_elf_annihilation, minivault_16,
          uniq_louise, uniq_frances

Skill      XL: |  1  2  3  4  5  6  7  8  9 10 11 12 13 14 |
---------------+-------------------------------------------+-----
Ranged Weapons | 6 7 8 9 10 12 13 14 16 | 16.2
Fighting       | 3 4 5 7 9 10 11 | 11.9
Dodging        | 3 4 5 6 7 8 10 11 | 11.0
Armour         | 1 |  1.8
Stealth        | 2 3 4 6 7 8 |  8.0
Spellcasting   | 2 3 4 6 7 8 |  8.0
Hexes          | 2 3 4 6 7 8 |  8.1
Translocations | 2 3 |  3.2
Summonings     | 1 2 |  2.0
Earth Magic    | 2 4 5 |  5.1
Evocations     | 3 5 |  5.5

Action                   |  1- 3 |  4- 6 |  7- 9 | 10-12 | 13-15 || total
-------------------------+-------+-------+-------+-------+-------++-------
 Fire: Shortbow          |    80 |   163 |   229 |   564 |   324 ||  1360
 Cast: Portal Projectile |       |       |       |    17 |     7 ||    24
       Summon Guardian G |       |       |       |    16 |     1 ||    17
       Leda's Liquefacti |       |       |       |     4 |     1 ||     5
Invok: Ancestor Life: Kn |       |       |       |     1 |       ||     1
       Recall Ancestor   |       |       |       |     1 |     1 ||     2
Evoke: Wand              |       |     1 |       |     3 |     1 ||     5
       Lightning rod     |       |       |       |     1 |       ||     1
  Use: Scroll            |       |    17 |     8 |     8 |       ||    33
       Potion            |       |       |     2 |     2 |     3 ||     7
Armor: Leather armour    |     4 |    11 |     6 |       |       ||    21
       Robe              |       |       |    12 |    19 |    10 ||    41
Dodge: Dodged            |    26 |    63 |    80 |   173 |    91 ||   433
Block: Reflection        |       |       |       |       |     2 ||     2

Table legend: (Time is in decaauts)
 A = Elapsed time spent in this place.
 B = Non-inter-level travel time spent in this place.
 C = Inter-level travel time spent in this place.
 D = Time resting spent in this place.
 E = Time spent auto-exploring this place.
 F = Levels seen in this place.
 G = Mean time per level.
                   A        B        C        D        E       F      G
               +--------+--------+--------+--------+--------+-----+--------+
         Total |  16687 |  15964 |    723 |   2559 |  11110 |  17 |  981.6 |
       Dungeon |  12280 |  11647 |    633 |    994 |   9039 |  13 |  944.6 |
  Orcish Mines |   3863 |   3773 |     90 |   1565 |   1727 |   2 | 1931.5 |
   Elven Halls |     29 |     29 |      0 |      0 |     16 |   1 |   29.0 |
       Ossuary |    513 |    513 |      0 |      0 |    328 |   1 |  513.0 |
               +--------+--------+--------+--------+--------+-----+--------+

Top non-repeatable levels by time:
   Orc:2: 2837 daAuts
     D:9: 1365 daAuts
     D:5: 1345 daAuts
     D:3: 1188 daAuts
    D:12: 1179 daAuts
     D:6: 1167 daAuts
     D:7: 1154 daAuts
   Orc:1: 1026 daAuts
     D:2: 922 daAuts
    D:11: 915 daAuts
     D:4: 859 daAuts
     D:8: 827 daAuts
    D:10: 789 daAuts
     D:1: 551 daAuts
 Ossuary: 513 daAuts
